 Dungeon Crawl Stone Soup version 0.18.1-48-g4cf74bf (webtiles) character file.

349 BabyRage the Poker (level 6, -1/52 HPs)
             Began as a Naga Skald on Aug 3, 2016.
             Slain by Sigmund
             ... wielding a +0 scythe
              (3 damage)
             ... on level 4 of the Dungeon.
             The game lasted 00:07:31 (4154 turns).

BabyRage the Poker (Naga Skald)                     Turns: 4154, Time: 00:07:32

Health: -1/52      AC:  4    Str: 14    XL:     6   Next: 60%
Magic:  3/9        EV:  9    Int: 12    God:
Gold:   234        SH:  0    Dex: 13    Spells: 2 memorised, 5 levels left

rFire  . . .     SeeInvis +     a - +1 spear
rCold  . . .     Gourm    .     b - +1 leather armour
rNeg   . . .     Faith    .     (no shield)
rPois  +         Spirit   .     (no helmet)
rElec  .         Dismiss  .     (no cloak)
rCorr  .         Reflect  .     (no gloves)
SustAt .         Harm     .     (no barding)
MR     .....                    (no amulet)
Stlth  ++........               (no ring)
                                q - ring of stealth

@: about to teleport, very slightly contaminated, very slow, not resistant to
hostile enchantments, unstealthy
A: see invisible, deformed body, poison resistance, slowness 2, slow metabolism
1, spit poison 2, AC +2
a: Spit Poison


You were on level 4 of the Dungeon.
You were near starving.

You visited 1 branch of the dungeon, and saw 4 of its levels.

You collected 234 gold pieces.

Inventory:

Hand Weapons
 a - a +1 spear (weapon)
Armour
 b - a +1 leather armour (worn)
 j - a +0 buckler
Jewellery
 q - a ring of stealth (left hand)
Wands
 r - a wand of flame (0/48)
Scrolls
 g - a scroll of blinking {unknown}
 h - 2 scrolls of magic mapping
 l - 3 scrolls of teleportation
 s - a scroll of amnesia {unknown}
Potions
 e - a potion of resistance {unknown}
 i - 2 potions of agility {unknown}
 k - 2 potions of lignification {unknown}
 m - 2 potions of brilliance {unknown}
 o - a potion of might {unknown}
Books
 c - a book of Battle

   Spells                             Type                      Level
   a - Infusion                       Charms                       1
   b - Shroud of Golubria             Charms/Translocation         2
   c - Song of Slaying                Charms                       2
   d - Spectral Weapon                Hexes/Charms                 3
   e - Regeneration                   Charms/Necromancy            3
Comestibles
 d - a bread ration
 f - a royal jelly
 n - a slice of pizza
 p - 2 beef jerkies


   Skills:
 - Level 2.0 Fighting
 * Level 5.7 Polearms
 - Level 0.7 Armour
 - Level 0.7 Dodging
 - Level 2.0 Spellcasting
 + Level 4.6 Charms


You had 5 spell levels left.
You knew the following spells:

 Your Spells              Type           Power        Failure   Level  Hunger
a - Infusion              Chrm           ##..         6%          1    ##.....
b - Spectral Weapon       Hex/Chrm       #.......     45%         3    ####...


Dungeon Overview and Level Annotations

Branches:
Dungeon (4/15)
 Temple: D:4-7

Altars:
Cheibriados
Fedhas
Makhleb
Nemelex Xobeh
Okawaru
Qazlal
Vehumet

Annotations:
D:4 BabyRage's ghost, novice NaSk; Sigmund


Innate Abilities, Weirdness & Mutations

You cannot wear boots.
Your serpentine skin is tough (AC +2).
You have supernaturally acute eyesight.
Armour fits poorly on your strangely shaped body.
Your system is resistant to poisons.
You cover ground very slowly.
You have a slow metabolism.
You can spit poison.


Message History

You hit Sigmund.
Sigmund is severely wounded.
You closely miss Sigmund.
Sigmund is severely wounded.
Sigmund barely misses you.
You hit Sigmund.
Sigmund is severely wounded.
The orc priest mumbles some strange prayers to Beogh against you.
Sigmund barely resists.
BabyRage's ghost hits you.
Read which item? (? for menu, Esc to quit)
As you read the scroll of teleportation, it crumbles to dust.
You feel strangely unstable. Sigmund closely misses you.
BabyRage's ghost hits you!
* * * LOW HITPOINT WARNING * * *
You hit Sigmund.
Sigmund is almost dead.
BabyRage's ghost hits you.
* * * LOW HITPOINT WARNING * * *
Sigmund hits you with a scythe.
You die...

. ##. ..# #.. #.# #.# #.#
#.# #.# #.# #.# #.# #.#
#W# #.# #@# ##.#####
####@#####
.......######...oo...#
.................)..o'S..
#.>.....#####.#...##.#..o
##.###.## #........# .
######.# ###.#####
..)....# #.# #####.## #.#


You could see Sigmund (invisible), an orc priest, BabyRage's ghost and an orc.

Vanquished Creatures
  An ogre (D:4)
  A crimson imp (D:3)
  2 orc priests
  Terence (D:3)
  Ijyb (D:3)
  3 adders
  An ooze (D:1)
  A worm (D:2)
  5 dart slugs
  2 giant geckos
  6 orcs
  5 bats
  3 giant cockroaches
  8 goblins
  8 hobgoblins
  9 jackals
  4 kobolds
  2 quokkas
  A ball python (D:1)
  4 giant newts (D:1)
  A quokka skeleton (D:3)
  8 rats
77 creatures vanquished.

Vanquished Creatures (others)
  2 fungi (D:3)
  A spectral weapon (D:4)
3 creatures vanquished.

Grand Total: 80 creatures vanquished

Notes
Turn   | Place    | Note
--------------------------------------------------------------
     0 | D:1      | BabyRage the Naga Skald began the quest for the Orb.
     0 | D:1      | Reached XP level 1. HP: 19/19 MP: 3/3
   232 | D:1      | Reached XP level 2. HP: 21/26 MP: 3/5
   453 | D:1      | Found a sparkling altar of Nemelex Xobeh.
   642 | D:1      | Reached skill level 3 in Polearms
   875 | D:1      | Reached XP level 3. HP: 32/32 MP: 6/6
  1377 | D:1      | Learned a level 3 spell: Spectral Weapon
  1534 | D:2      | Found a snail-covered altar of Cheibriados.
  1861 | D:2      | Found a stormy altar of Qazlal.
  1898 | D:2      | Reached XP level 4. HP: 31/39 MP: 7/7
  2400 | D:3      | Found a blossoming altar of Fedhas.
  2416 | D:3      | Reached skill level 4 in Polearms
  2785 | D:3      | Noticed Ijyb
  2798 | D:3      | Killed Ijyb
  2840 | D:3      | Found a radiant altar of Vehumet.
  2841 | D:3      | Found a burning altar of Makhleb.
  2859 | D:3      | Reached XP level 5. HP: 8/45 MP: 1/8
  3704 | D:3      | Noticed Terence
  3770 | D:3      | Killed Terence
  3770 | D:3      | Reached skill level 5 in Polearms
  3805 | D:3      | Reached XP level 6. HP: 44/52 MP: 9/9
  3831 | D:3      | Found an iron altar of Okawaru.
  4122 | D:4      | Noticed Sigmund
  4140 | D:4      | Noticed BabyRage's ghost (novice NaSk)
  4154 | D:4      | HP: 2/52 [BabyRage's ghost (5)]
  4154 | D:4      | Slain by Sigmund

Skill      XL: |  1  2  3  4  5 |
---------------+----------------+-----
Polearms       | 3 4 5 |  5.7
Charms         | 4 |  4.6
Fighting       | |  2.0
Armour         | |  0.7
Dodging        | |  0.7
Spellcasting   | |  2.0

Action                   |  1- 3 |  4- 6 || total
-------------------------+-------+-------++-------
Melee: Spear             |   139 |   196 ||   335
 Cast: Infusion          |     1 |     8 ||     9
       Spectral Weapon   |       |     4 ||     4
 Abil: Spit Poison       |    14 |     9 ||    23
  Use: Scroll            |     4 |     3 ||     7
 Stab: Sleeping          |     2 |     3 ||     5
  Eat: Chunk             |     3 |     6 ||     9
Armor: Leather armour    |    18 |    70 ||    88
Dodge: Dodged            |    55 |    86 ||   141
